 Dungeon Crawl Stone Soup version 0.19.0-9-gfd783f2 (webtiles) character file.

14716 l0ser140 the Unseen (level 11, -1/68 HPs)
             Began as a Vampire Enchanter on Nov 8, 2016.
             Was an Elder of Ashenzari.
             Hit by a large rock thrown by a cyclops (44 damage)
             ... on level 13 of the Dungeon.
             The game lasted 01:02:46 (18141 turns).

l0ser140 the Unseen (Vampire Enchanter)            Turns: 18141, Time: 01:02:46

Health: -1/68      AC:  9    Str:  7    XL:     11   Next: 92%
Magic:  8/14       EV: 23    Int: 19    God:    Ashenzari [****..]
Gold:   781        SH:  0    Dex: 17    Spells: 4 memorised, 5 levels left

rFire  . . .     SeeInvis +     E - +0 dagger (elec)
rCold  + . .     Gourm    .     D - +2 robe {MR+}
rNeg   + + .     Faith    .     (no shield)
rPois  +         Spirit   .     (no helmet)
rElec  .         Reflect  .     n - +0 cloak (curse)
rCorr  .         Harm     .     q - +2 pair of gloves (curse)
MR     ++...     Clarity  +     L - +0 pair of boots (curse)
Stlth  +++++++++.               (no amulet)
                                (no ring)
                                (no ring)

@: regenerating slowly
A: fangs 3, see invisible, unbreathing
a: Bat Form, Curse Item, Scrying, Renounce Religion


You were on level 13 of the Dungeon.
You worshipped Ashenzari.
Ashenzari was greatly pleased with you.
You were very thirsty.

You visited 2 branches of the dungeon, and saw 14 of its levels.

You collected 781 gold pieces.

Inventory:

Hand Weapons
 u - the +2 short sword "Qevvas" {flame, rC- MR+ Int+3}
   (You found it on level 4 of the Dungeon)

   It has been specially enchanted to burn those struck by it, causing extra
   injury to most foes and up to half again as much damage against particularly
   susceptible opponents.
   It affects your intelligence (+3).
   It makes you vulnerable to cold.
   It affects your resistance to hostile enchantments.
 E - a +0 dagger of electrocution (weapon)
   (You took it off an orc wizard on level 7 of the Dungeon)
Missiles
 i - 365 stones (quivered)
Armour
 n - a cursed +0 cloak (worn)
 q - a cursed +2 pair of gloves (worn)
 w - a +2 robe of cold resistance
   (You found it on level 5 of the Dungeon)
 D - a +2 robe of magic resistance (worn)
   (You took it off an orc wizard on level 12 of the Dungeon)
 L - a cursed +0 pair of boots (worn)
Jewellery
 c - an uncursed ring of wizardry
   (You found it on level 11 of the Dungeon)
 v - a cursed +5 ring of dexterity
   (You found it on level 4 of the Dungeon)
 B - an uncursed ring of teleportation
   (You found it on level 6 of the Dungeon)
 C - a +1 ring of protection
   (You found it on level 6 of the Dungeon)
Wands
 a - a wand of confusion (27/48)
 y - a wand of paralysis (14/24)
 F - a wand of slowing (23/48)
 P - a wand of iceblast (6/15)
Scrolls
 e - 2 scrolls of teleportation {unknown}
 f - a scroll of magic mapping {unknown}
 k - 2 scrolls of enchant armour {unknown}
 m - 2 scrolls of blinking {unknown}
 o - 5 scrolls of fog
 p - 5 scrolls of fear {unknown}
 r - 2 scrolls of recharging {unknown}
 x - 2 scrolls of enchant weapon {unknown}
 A - 2 scrolls of remove curse
 I - 4 scrolls of amnesia {unknown}
 K - a scroll of vulnerability {unknown}
 M - a scroll of random uselessness {unknown}
 O - a scroll of torment {unknown}
 R - a scroll of immolation {unknown}
Potions
 b - 2 potions of heal wounds
 d - a potion of flight
 g - 2 potions of mutation {!q}
 h - 4 potions of curing
 j - 2 potions of might
 l - a potion of agility
 s - 2 potions of ambrosia
 t - a potion of cancellation {unknown}
 z - a potion of magic
 G - a potion of brilliance
 H - 2 potions of haste
 Q - a potion of berserk rage {unknown}
Miscellaneous
 N - a lamp of fire


   Skills:
 - Level 1.3 Short Blades
 * Level 12.2(14.2) Dodging
 * Level 18.8(20.5) Stealth
 - Level 2.0 Spellcasting
 + Level 13.2 Hexes


You had 5 spell levels left.
You knew the following spells:

 Your Spells              Type           Power        Failure   Level  Hunger
a - Ensorcelled Hibernat  Hex/Ice        ####..       1%          2    ###....
d - Dazzling Spray        Conj/Hex       ####..       3%          3    ###....
s - Confuse               Hex            ######..     1%          3    ###....
y - Corona                Hex            ######.      1%          1    #......


Dungeon Overview and Level Annotations

Branches:
Dungeon (13/15)            Temple (1/1) D:4            Lair (0/6) D:9
    Orc (0/2) D:10
 Vaults: D:13-14

Altars:
Ashenzari
Cheibriados
Dithmenos
Fedhas
Gozag
Hepliaklqana
Kikubaaqudgha
Makhleb
Nemelex Xobeh
Qazlal
Ru
Sif Muna
Trog
Uskayaw
Vehumet
Xom
Yredelemnul
Zin
The Shining One

Shops:
D:7 }   D:10 (   D:12 [   D:13 (

Annotations:
D:3 Cokeysmoke's ghost, amateur MiFi
D:6 Grinder
D:9 Erolcha; Gastronok


Innate Abilities, Weirdness & Mutations

You heal slowly.
You have razor-sharp teeth.
You have supernaturally acute eyesight. (SInv)
You can survive without breathing.


Message History

The hill giant is almost dead.
You hit the hill giant.
The hill giant is almost dead.
The hill giant barely misses you.
You feel devoid of blood!
You strike the helpless hill giant from behind!
You bite the hill giant, and draw its blood!
You feel almost devoid of blood!
You skewer the hill giant like a kebab!!!
You kill the hill giant!
No target in view!
Things that are here:
an uncursed giant club; a hill giant corpse Drinking blood from a hill giant corpse.
This warm blood tastes delicious!
You are feeling very thirsty.
You continue drinking.
You stop draining the corpse.
All the blood oozes out of the corpse!
You start resting.
Casting: Confuse
Confirm with . or Enter, or press ? or * to list all spells.
Aiming: Confuse
Press: ? - help, Shift-Dir - straight line, f - gargoyle
Aim: a gargoyle, wielding a mace (hasn't noticed you, chance to defeat MR: 56%)
The gargoyle resists with significant effort.
Casting: Confuse
Confirm with . or Enter, or press ? or * to list all spells.
Aiming: Confuse
Press: ? - help, Shift-Dir - straight line, f/p - gargoyle
Aim: a gargoyle, wielding a mace (chance to defeat MR: 56%)
The gargoyle appears confused.
A troll comes into view.
The troll moves out of view.
The gargoyle hits you with a mace.
Damage: -4%(-3hp) hp: 96%(65hp)
You strike the helpless gargoyle from behind!
You impale the gargoyle!!
You destroy the gargoyle!
No target in view!
No target in view!
Things that are here:
an uncursed mace; an uncursed giant club A cyclops comes into view.
The cyclops throws a large rock.
The large rock hits you!!
Found 19 gold pieces.
Found Bapyge's Antique Weapon Shoppe.
You see here a large rock.
Huge Dmg: -34%(-23hp) hp: 64%(43hp) Unknown command.
The cyclops throws a large rock.
The large rock hits you!!!
Ouch! That really hurt!
You die...

*$...£...# * * * *
.......#### * **** ,
.........# , *, , *
.C......#* , , , * * ,,
.......# , , * *
#......# , , ,* ##
#(.....# , , , , * , ,
.## #......# *, , ,{
,..*#V..#### *, ,,,
,#.##...#### * , * *
#.#......... ,.....,, ,
, , ,, #......#####
....# * ,** ###....#
....# * *,*
#..##########....#,, ,
** *
#.>...).....#....#,,
⌠,, *
..⌠.'.#########.#....#,
,, , ....#. ,* #..#


You could see a cyclops.

Vanquished Creatures
  Erica (D:8)
  3 unseen horrors (D:10 D:12)
  4 hill giants (D:8 D:10 D:11 D:13)
  An ugly thing (D:11)
  2 centaur zombies (D:11)
  2 gargoyles (D:12 D:13)
  A two-headed ogre (D:10)
  5 hippogriffs (D:7 D:8 D:10)
  3 hornets (D:11)
  A slime creature (D:12)
  A wraith (D:11)
  9 yaks (D:11 D:9 D:12)
  A wyvern (D:11)
  A soldier ant (D:11)
  A water moccasin (D:10)
  5 orc warriors (D:6 D:8 D:10)
  3 black bears (D:6 D:8 D:10)
  4 sky beasts (D:6 D:8 D:9)
  3 ice beasts (D:7 D:8 D:9)
  2 phantoms (D:4 D:9)
  6 ogres (D:5 D:8 D:11 D:12)
  A necrophage (D:7)
  2 crocodiles (D:9)
  2 big kobolds (D:11 D:12)
  2 centaurs (D:5 D:7)
  6 bullfrogs (D:6 D:10 D:11 D:9 D:12)
  5 scorpions (D:5 D:6 D:7)
  2 wyvern skeletons (D:10 D:11)
  A water moccasin skeleton (D:5)
  4 wights (D:8 D:9)
  4 howler monkeys (D:7 D:8)
  2 bullfrog zombies (D:5 D:12)
  5 crimson imps (D:5 D:4 D:8 D:10)
  2 jellies (D:7 D:9)
  2 centaur skeletons (D:7 D:10)
  5 orc priests (D:3 D:8 D:10)
  5 hounds (D:5 D:7 D:8)
  15 orc wizards (D:4 D:5 D:6 D:7 D:10)
  3 bullfrog skeletons (D:4 D:11 D:12)
  6 iguanas (D:6 D:8 D:10 D:9 D:12)
  12 worker ants (D:3 D:5 D:7 D:8 D:11)
  A hound zombie (D:10)
  2 hound skeletons (D:7 D:9)
  A howler monkey skeleton (D:7)
  3 worker ant zombies (D:5 D:6 D:11)
  4 river rats (D:9)
  2 adders (D:2 D:5)
  3 gnolls (D:6)
  A shadow imp (D:11)
  3 oozes (D:1 D:7)
  3 worms (D:2 D:3)
  3 dart slugs (D:1 D:2 D:4)
  4 leopard geckos (D:1 D:4 D:5)
  48 orcs (D:3 D:2 D:4 D:5 D:6)
  7 giant cockroaches (D:1 D:2 D:3)
  9 goblins (D:1 D:2)
  10 hobgoblins (D:1 D:2 D:3)
  9 jackals (D:2 D:4 D:6 D:7)
  19 kobolds (D:1 D:2 D:11 D:12)
  3 quokkas (D:2 D:4)
  9 bats (D:1 D:2 D:9)
  5 frilled lizards (D:1 D:3 D:4)
  2 gnoll zombies (D:8)
  A jackal zombie (D:5)
  A quokka skeleton (D:8)
  16 rats (D:1 D:2 D:3 D:9)
314 creatures vanquished.

Vanquished Creatures (others)
  12 fungi (D:9 D:13)
  9 plants (D:9 D:13)
21 creatures vanquished.

Grand Total: 335 creatures vanquished

Notes
Turn   | Place    | Note
-------+----------+-------------------------------------------
     0 | D:1      | l0ser140 the Vampire Enchanter began the quest for the Orb.
     0 | D:1      | Reached XP level 1. HP: 13/13 MP: 3/3
    45 | D:1      | Huge Dmg: 7 Dmg
   213 | D:1      | Huge Dmg: 3 Dmg
   215 | D:1      | Reached skill level 5 in Stealth
   284 | D:1      | Huge Dmg: 4 Dmg
   284 | D:1      | Reached XP level 2. HP: 7/19 MP: 5/5
   565 | D:1      | Huge Dmg: 4 Dmg
   566 | D:1      | Huge Dmg: 6 Dmg
   568 | D:1      | Huge Dmg: 2 Dmg
   860 | D:1      | Learned a level 2 spell: Ensorcelled Hibernation
  1073 | D:1      | Huge Dmg: 4 Dmg
  1369 | D:1      | Reached XP level 3. HP: 23/24 MP: 0/6
  1650 | D:1      | Huge Dmg: 5 Dmg
  1675 | D:1      | Reached skill level 6 in Stealth
  2104 | D:2      | Reached skill level 5 in Hexes
  2234 | D:2      | Found a shimmering altar of Xom.
  2281 | D:2      | Huge Dmg: 6 Dmg
  2282 | D:2      | Reached XP level 4. HP: 9/30 MP: 1/7
  2596 | D:2      | Huge Dmg: 6 Dmg
  2857 | D:2      | Found an ancient bone altar of Kikubaaqudgha.
  2930 | D:2      | Found a sacrificial altar of Ru.
  3222 | D:3      | Huge Dmg: 7 Dmg
  3487 | D:3      | Huge Dmg: 13 Dmg
  3686 | D:3      | Noticed Cokeysmoke's ghost (amateur MiFi)
  3837 | D:3      | Reached skill level 3 in Dodging
  3837 | D:3      | Reached skill level 7 in Stealth
  3861 | D:3      | Huge Dmg: 8 Dmg
  3862 | D:3      | Reached XP level 5. HP: 26/35 MP: 0/8
  3869 | D:3      | Huge Dmg: 8 Dmg
  3937 | D:4      | Found a staircase to the Ecumenical Temple.
  3940 | D:4      | Reached skill level 6 in Hexes
  3957 | D:4      | Huge Dmg: 5 Dmg
  3978 | D:4      | Huge Dmg: 4 Dmg
  3984 | D:4      | Huge Dmg: 4 Dmg
  3986 | D:4      | Huge Dmg: 2 Dmg
  3989 | D:4      | Huge Dmg: 4 Dmg
  4408 | Temple   | Entered the Ecumenical Temple
  4625 | Temple   | Became a worshipper of Ashenzari the Shackled
  4711 | D:4      | Noticed a phantom
  4728 | D:4      | Killed a phantom
  4728 | D:4      | Reached skill level 8 in Stealth
  4728 | D:4      | Reached XP level 6. HP: 36/41 MP: 9/9
  4827 | D:4      | Found an opulent altar of Gozag.
  4954 | D:4      | Got the cursed short sword "Qevvas" {flame, rC- MR+ Int+3}
  5757 | D:4      | Identified the cursed +2 short sword "Qevvas" {flame, rC- MR+ Int+3} (You found it on level 4 of the Dungeon)
  6000 | D:5      | Entered Level 5 of the Dungeon
  6054 | D:5      | Reached skill level 4 in Dodging
  6065 | D:5      | Reached skill level 9 in Stealth
  6235 | D:5      | Huge Dmg: 8 Dmg
  6246 | D:5      | Huge Dmg: 9 Dmg
  6460 | D:5      | Reached XP level 7. HP: 26/46 MP: 1/10
  6695 | D:5      | Reached skill level 7 in Hexes
  6731 | D:5      | Reached skill level 10 in Stealth
  6738 | D:5      | Huge Dmg: 22 Dmg
  6773 | D:5      | Reached * piety under Ashenzari
  7107 | D:5      | Found a shattered altar of Ashenzari.
  7160 | D:5      | Huge Dmg: 30 Dmg
  7504 | D:5      | Huge Dmg: 14 Dmg
  7505 | D:5      | Huge Dmg: 9 Dmg
  7513 | D:5      | Huge Dmg: 11 Dmg
  7600 | D:5      | Huge Dmg: 5 Dmg
  7944 | D:5      | Reached skill level 5 in Dodging
  7955 | D:5      | Huge Dmg: 10 Dmg
  7956 | D:5      | Reached skill level 11 in Stealth
  8184 | D:6      | Reached XP level 8. HP: 52/52 MP: 4/11
  8218 | D:6      | Reached skill level 8 in Hexes
  8557 | D:6      | Reached skill level 12 in Stealth
  8649 | D:6      | Noticed Grinder
  8750 | D:7      | Noticed a hippogriff
  9106 | D:6      | Reached skill level 6 in Dodging
  9112 | D:6      | Found a deep blue altar of Sif Muna.
  9287 | D:6      | Huge Dmg: 11 Dmg
  9294 | D:6      | Huge Dmg: 9 Dmg
  9532 | D:6      | Reached skill level 9 in Hexes
  9541 | D:6      | Huge Dmg: 9 Dmg
  9544 | D:6      | Huge Dmg: 8 Dmg
  9545 | D:6      | Identified Sif Muna's Reference Book on Displacement
  9552 | D:6      | Learned a level 3 spell: Dazzling Spray
  9556 | D:6      | Learned a level 3 spell: Confuse
  9813 | D:6      | Huge Dmg: 18 Dmg
  9825 | D:6      | Reached skill level 13 in Stealth
 10199 | D:7      | Killed a hippogriff
 10199 | D:7      | Reached XP level 9. HP: 49/57 MP: 4/12
 10424 | D:7      | Huge Dmg: 16 Dmg
 10474 | D:7      | Found a radiant altar of Vehumet.
 10715 | D:7      | Reached ** piety under Ashenzari
 11012 | D:7      | Reached skill level 7 in Dodging
 11032 | D:7      | Found Vaot's Gadget Shop.
 11132 | D:7      | Reached skill level 14 in Stealth
 11228 | D:8      | Huge Dmg: 13 Dmg
 11517 | D:8      | Noticed Erica
 11533 | D:8      | Reached skill level 10 in Hexes
 11534 | D:8      | Noticed a hill giant
 11538 | D:8      | Huge Dmg: 18 Dmg
 11718 | D:8      | Huge Dmg: 21 Dmg
 11808 | D:8      | Huge Dmg: 15 Dmg
 11815 | D:8      | Huge Dmg: 8 Dmg
 12073 | D:8      | Huge Dmg: 14 Dmg
 12080 | D:8      | Huge Dmg: 8 Dmg
 12083 | D:8      | Killed Erica
 12083 | D:8      | Reached skill level 8 in Dodging
 12083 | D:8      | Reached skill level 15 in Stealth
 12305 | D:8      | Reached XP level 10. HP: 58/63 MP: 7/13
 12469 | D:8      | Huge Dmg: 28 Dmg
 12558 | D:8      | Huge Dmg: 21 Dmg
 12648 | D:8      | Huge Dmg: 39 Dmg
 12967 | D:8      | Found a basalt altar of Yredelemnul.
 13122 | D:8      | Huge Dmg: 24 Dmg
 13126 | D:8      | Killed a hill giant
 13126 | D:8      | Reached skill level 9 in Dodging
 13191 | D:8      | Reached skill level 11 in Hexes
 13262 | D:9      | Noticed Gastronok
 13276 | D:9      | Huge Dmg: 29 Dmg
 13289 | D:10     | Entered Level 10 of the Dungeon
 13429 | D:10     | Found Geytikyugu's Weapon Shop.
 13431 | D:10     | Found a staircase to the Orcish Mines.
 13487 | D:10     | Huge Dmg: 18 Dmg
 13493 | D:10     | Huge Dmg: 7 Dmg
 13722 | D:10     | Huge Dmg: 18 Dmg
 14021 | D:10     | Reached skill level 16 in Stealth
 14098 | D:10     | Reached *** piety under Ashenzari
 14253 | D:10     | Reached skill level 10 in Dodging
 14299 | D:10     | Noticed a hill giant
 14304 | D:10     | Killed a hill giant
 14641 | D:11     | Huge Dmg: 11 Dmg
 14644 | D:11     | Huge Dmg: 13 Dmg
 14895 | D:11     | Reached skill level 17 in Stealth
 14901 | D:11     | Reached XP level 11. HP: 68/68 MP: 14/14
 14962 | D:11     | Found a shadowy altar of Dithmenos.
 14970 | D:11     | Reached skill level 12 in Hexes
 15011 | D:11     | Noticed a hill giant
 15018 | D:11     | Killed a hill giant
 15218 | D:11     | Noticed a green ugly thing
 15243 | D:11     | Killed a green ugly thing
 15243 | D:11     | Reached skill level 11 in Dodging
 15284 | D:10     | Noticed an unseen horror
 15305 | D:10     | Killed an unseen horror
 15507 | D:9      | Huge Dmg: 10 Dmg
 15776 | D:9      | Found a hazy altar of Hepliaklqana.
 15793 | D:9      | Noticed Erolcha
 16032 | D:11     | Reached **** piety under Ashenzari
 16039 | D:11     | Reached skill level 18 in Stealth
 16223 | D:11     | Huge Dmg: 23 Dmg
 16224 | D:11     | Huge Dmg: 12 Dmg
 16233 | D:11     | Huge Dmg: 11 Dmg
 16775 | D:12     | Noticed an unseen horror
 16799 | D:12     | Killed an unseen horror
 16799 | D:12     | Reached skill level 13 in Hexes
 16943 | D:12     | Found Kuseyrch's Antique Armour Boutique.
 16949 | D:12     | Huge Dmg: 13 Dmg
 16976 | D:12     | Huge Dmg: 12 Dmg
 17343 | D:12     | Noticed an unseen horror
 17360 | D:12     | Killed an unseen horror
 17360 | D:12     | Reached skill level 12 in Dodging
 17400 | D:12     | Huge Dmg: 27 Dmg
 17454 | D:12     | Huge Dmg: 17 Dmg
 17467 | D:12     | Huge Dmg: 22 Dmg
 17470 | D:12     | Noticed an eight-headed hydra
 18034 | D:13     | Noticed an unseen horror
 18064 | D:13     | Noticed a hill giant
 18094 | D:13     | Killed a hill giant
 18139 | D:13     | Found Bapyge's Antique Weapon Shoppe.
 18140 | D:13     | Huge Dmg: 23 Dmg
 18141 | D:13     | Hit by a large rock thrown by a cyclops

Skill      XL: |  1  2  3  4  5  6  7  8  9 10 11 |
---------------+----------------------------------+-----
Stealth        | 5 6 7 8 9 11 13 15 17 18 | 18.8
Hexes          | 5 6 7 9 10 11 13 | 13.2
Dodging        | 3 4 5 6 8 10 12 | 12.2
Short Blades   | |  1.3
Spellcasting   | |  2.0

Action                   |  1- 3 |  4- 6 |  7- 9 | 10-12 || total
-------------------------+-------+-------+-------+-------++-------
Melee: Dagger            |   130 |   178 |       |    54 ||   362
       Bite              |    10 |    22 |    33 |    47 ||   112
       Unarmed           |       |    47 |    44 |       ||    91
       Short sword       |       |    49 |   347 |   464 ||   860
Throw: Stone             |       |       |     2 |     3 ||     5
 Cast: Ensorcelled Hiber |    22 |    37 |    73 |    40 ||   172
       Confuse           |       |       |     4 |    35 ||    39
       Dazzling Spray    |       |       |    13 |    24 ||    37
Invok: Curse Item        |       |       |       |     4 ||     4
 Abil: End Transformatio |       |     1 |    13 |     2 ||    16
       Bat Form          |       |     1 |    13 |     2 ||    16
  Use: Potion            |     6 |     1 |     1 |     1 ||     9
       Scroll            |       |     2 |     1 |     9 ||    12
 Stab: Sleeping          |    21 |    40 |    39 |    47 ||   147
       Confused          |       |       |     5 |    20 ||    25
       Distracted        |       |       |     3 |       ||     3
       Invisible         |       |       |     5 |     7 ||    12
  Eat: Corpse            |     3 |    12 |    19 |    18 ||    52
Armor: Robe              |    39 |    37 |    78 |    76 ||   230
Dodge: Dodged            |    87 |   200 |   261 |   478 ||  1026

Vault maps used:
D:1:      eino_arrival_tree_alley
D:2:      nicolae_overflow_hidden_temple, xom_teletrap_fun,
          nicolae_ru_path_of_blood, minmay_unequal
D:4:      nicolae_gozag_cash_rules_everything_around_me
D:5:      first_bread, minmay_misc_feat_rows, grunt_ministairs_9,
          cheibrodos_ashenzari_chains
D:6:      led_sif_book, uniq_grinder
D:7:      lemuel_coloured_pillars_altar, serial_shops,
          nicolae_shop_window_shopping
D:8:      lemuel_zombie_altar_yredelemnul, uniq_erica
D:9:      old_standard_altar, grunt_lair_entry_orc_guard_hut, uniq_erolcha,
          uniq_gastronok
D:10:     orc_david_3
D:11:     basic_altar, hangedman_pestilent_swarm
D:12:     serial_shops, nicolae_shop_window_shopping, roderic_filled_cross,
          lemuel_flame_loot_1
D:13:     serial_shops, nicolae_shop_overgrown_old_shop, chequers_big_river,
          grunt_ministairs_13, minmay_gold_behind_fungi
Temple:   minmay_temple_curvy_loop
